Map: King's Cove LE

Players

Woah - Winner!

  • Race: Terran Terran
  • Spawn Location: 11:00

LookeatIX

  • Race: Zerg Zerg
  • League: Platinum
  • Spawn Location: 5:00

VOD

Have the link to the VOD?

Description

Time

  • Played on: June 11, 2019, 5:19 p.m.
  • Length: 15:39
Show
View Real Time Build Order
Export as new Build Order

Woah Terran - Winner!

Build Orders:  

Get SALT Encoding   

  12  0:01  SCV  
  13  0:13  SCV  
  14  0:18  Supply Depot  
  14  0:25  SCV  
  15  0:40  Barracks  
  15  0:41  SCV  
  16  0:46  Refinery  
  16  1:00  Barracks  
  16  1:08  SCV  
  17  1:29  Orbital Command  
  17  1:30  Reaper  
  18  1:40  Barracks  
  18  1:51  Refinery  
  19  1:54  Reaper  
  19  2:00  SCV  
  20  2:06  Reaper  
  21  2:18  Bunker  
  21  2:26  Reaper, Supply Depot  
  22  2:38  Bunker  
  22  2:48  Reaper  
  23  3:03  Reaper  
  23  3:10  Reaper  
  24  3:20  Reaper  
  24  3:24  Engineering Bay  
  24  3:25  Command Center  
  25  3:43  Reaper  
  25  4:08  Reaper  
  26  4:16  Barracks Tech Lab, Barracks Reactor  
  24  4:40  Reaper x2  
  24  5:23  Reaper x3  
  27  5:34  Reaper  
  26  5:59  Reaper  
  26  6:00  Reaper  
  27  6:07  Reaper  
  27  6:23  Reaper  
  28  6:45  SCV  
  28  6:46  Command Center  
  30  6:47  SCV  
  30  6:57  SCV  
  30  6:59  SCV  
  34  7:07  Terran Infantry Weapons Level 1  
  32  7:09  SCV  
  32  7:11  SCV  
  34  7:21  SCV  
  35  7:23  SCV  
  31  7:40  Reaper x3  
  31  7:42  SCV  
  31  7:43  Orbital Command  
  33  7:54  SCV  
  32  8:02  Bunker  
  32  8:04  Bunker, Orbital Command  
  32  8:06  SCV, Orbital Command  
  33  8:17  Marauder  
  33  8:18  SCV  
  36  8:20  Reaper x2  
  38  8:36  Barracks Reactor  
  37  8:42  Orbital Command  
  38  8:49  SCV  
  38  8:50  SCV  
  40  9:01  SCV  
  40  9:02  SCV, Marine x3  
  44  9:14  SCV x2  
  46  9:20  Marine x3  
  48  9:26  SCV  
  49  9:36  SCV  
  49  9:37  Marine  
  49  9:38  SCV, Marine  
  53  9:39  SCV  
  53  9:45  Factory  
  54  9:48  SCV  
  54  9:51  Marauder, Marine x2  
  59  9:55  Refinery, Marine  
  59  9:57  Refinery  
  60  10:01  Terran Infantry Armor Level 1  
  60  10:07  Factory  
  55  10:23  Stimpack  
  55  10:27  SCV  
  55  10:28  SCV x2  
  58  10:36  Factory Tech Lab  
  58  10:39  Starport, Reaper  
  58  10:40  SCV, Marine  
  61  11:02  Supply Depot  
  61  11:03  Supply Depot x2  
  61  11:04  Supply Depot  
  61  11:05  Supply Depot  
  61  11:12  Marine  
  61  11:23  SCV, Marine x4  
  59  11:39  Marine  
  58  11:41  Marine  
  58  11:42  Siege Tank  
  58  11:43  Medivac  
  58  11:45  Factory Tech Lab  
  64  11:48  Barracks  
  64  11:49  Barracks  
  64  11:54  SCV x3, Barracks  
  64  12:00  Barracks  
  67  12:01  Command Center  
  67  12:04  Engineering Bay  
  67  12:06  Armory, SCV x2  
  67  12:07  SCV  
  70  12:18  SCV  
  70  12:19  Siege Tank, Barracks Reactor  
  70  12:21  Siege Tank  
  70  12:22  SCV  
  78  12:26  Refinery x2  
  78  12:33  Medivac, Command Center  
  80  12:41  Marauder, Marine  
  80  12:44  Barracks Tech Lab x2  
  83  12:46  Command Center  
  83  12:56  Starport  
  83  13:02  Marauder  
  84  13:23  Marauder  
  84  13:25  Marine  
  84  13:26  Marauder, Marine x6  
  86  13:43  Marine  
  86  13:44  Marine x6  
  90  14:01  Siege Tank  
  90  14:02  Marauder, Siege Tank, Marine  
  90  14:03  Marauder, Marine x6  
  95  14:20  Marine  
  95  14:21  Marine x6  
  95  14:23  Marine x2  
  104  14:38  Marine  
  104  14:39  Marauder, Marine x5  
  104  14:42  Marauder x2  
  104  14:56  Marine  
  102  15:07  Medivac x2  
  105  15:18  Starport Tech Lab  
  105  15:19  Barracks Reactor  
Show
View Real Time Build Order
Export as new Build Order

LookeatIX Zerg 

Build Orders: Hatch First 

Get SALT Encoding   

  12  0:03  Drone  
  13  0:11  Drone  
  14  0:19  Overlord  
  14  0:28  Extractor, Drone  
  15  0:37  Drone  
  16  0:54  Hatchery  
  15  0:58  Drone  
  15  0:59  Drone  
  17  1:15  Spawning Pool  
  17  1:18  Drone  
  17  1:22  Extractor  
  17  1:23  Drone  
  17  1:28  Drone  
  17  1:31  Drone  
  19  1:41  Drone  
  20  1:52  Drone  
  21  2:06  Zergling x2  
  22  2:09  Queen  
  24  2:17  Hatchery  
  24  2:22  Zergling x6  
  26  2:40  Zergling x4  
  26  2:42  Metabolic Boost  
  27  3:05  Spine Crawler  
  26  3:12  Queen  
  26  3:15  Overlord x2  
  25  3:30  Zergling x4  
  25  3:31  Zergling x6  
  25  3:32  Zergling x2  
  24  4:06  Zergling x8  
  24  4:07  Drone x2  
  24  4:08  Drone x3  
  33  4:14  Queen  
  29  4:31  Spine Crawler  
  25  4:40  Zergling x4  
  25  4:41  Zergling x8  
  27  4:49  Roach Warren  
  27  4:51  Zergling x2  
  23  5:21  Queen  
  21  5:26  Spine Crawler  
  21  5:28  Zergling x10  
  22  5:29  Zergling x2  
  18  6:04  Roach  
  18  6:05  Roach x5  
  30  6:17  Drone x3  
  33  6:18  Drone  
  28  6:47  Spawning Pool  
  28  6:50  Drone x4  
  28  6:51  Drone  
  32  7:21  Roach  
  32  7:22  Roach x5  
  38  7:52  Lair  
  38  7:54  Drone x4  
  38  7:55  Drone  
  38  7:56  Drone  
  44  7:59  Extractor  
  43  8:07  Spine Crawler  
  42  8:18  Drone x2  
  44  8:21  Overlord  
  44  8:38  Queen  
  46  8:47  Overlord x2  
  46  9:08  Drone  
  46  9:09  Drone x5  
  43  9:40  Roach x3  
  43  9:41  Roach  
  51  9:47  Drone x2  
  53  9:56  Drone x2  
  53  10:08  Zergling x4  
  53  10:09  Zergling x4  
  57  10:19  Zergling x4  
  41  10:32  Roach x5  
  51  10:47  Roach x2  
  51  10:48  Roach  
  57  10:51  Drone  
  57  11:16  Roach  
  57  11:17  Roach x3  
  61  11:21  Hatchery  
  58  11:31  Glial Reconstitution  
  55  12:03  Drone x4  
  55  12:04  Drone x2  
  61  12:12  Extractor, Queen  
  61  12:13  Extractor  
  61  12:18  Queen  
  63  12:26  Evolution Chamber, Drone x4  
  66  12:38  Roach x3  
  66  12:40  Ravager x2  
  74  12:45  Overlord  
  74  12:46  Overlord  
  74  12:47  Overlord x2  
  74  13:07  Spore Crawler  
  74  13:08  Roach x5  
  83  13:19  Ravager x2  
  81  13:28  Zergling x8  
  85  13:51  Zergling x8  
  85  13:52  Zergling x2  
  82  14:04  Roach x4, Zergling x8  
  94  14:10  Queen  
  94  14:11  Queen  
  80  14:20  Roach  
  80  14:21  Roach x2  
  83  14:31  Roach  
  83  14:32  Roach x2  
  83  14:38  Evolution Chamber  
  88  14:45  Roach x4  
  85  14:53  Zergling x4  
  81  15:03  Roach x3  
  83  15:12  Zergling x6  
  65  15:21  Zergling x6  
Tags
 
League
Platinum
Matchup
TvZ
Replay Pack
r1
Spawn Locations
Cross Positions
Add a new tag
Caveats
  • Supply blocks, unpowered buildings, or Contaminate may cause inaccurate times.
  • Supply counts are checked every 10 seconds.